 Dungeon Crawl Stone Soup version 0.29.0-4-gdea44cf6ec (webtiles) character file.

Game seed: 4986871465815760220

420 qw the Ruffian (level 6, -3/59 HPs)
             Began as a Troll Cinder Acolyte on Aug 31, 2022.
             Was a High Priest of Ignis.
             Slain by a killer bee (5 damage)
             ... on level 5 of the Dungeon.
             The game lasted 00:01:30 (3095 turns).

qw the Ruffian (Troll Cinder Acolyte)               Turns: 3095, Time: 00:01:30

Health: -3/59      AC: 11    Str: 25    XL:     6   Next: 62%
Magic:  6/6        EV:  9    Int: 10    God:    Ignis [*****.]
Gold:   242        SH:  0    Dex:  5    Spells: 7/7 levels left

rFire   + . .      SeeInvis .     - Unarmed
rCold   . . .      Faith    .   (no shield)
rNeg    . . .      Spirit   .   a - +0 robe
rPois   .          Reflect  .   (helmet restricted)
rElec   .          Harm     .   (no cloak)
rCorr   .          Rampage  .   (gloves unavailable)
Will    .....                   (boots unavailable)
Stlth   +.........              f - amulet of regeneration
HPRegen 1.79/turn               k - +4 ring of slaying {mikee}
MPRegen 0.10/turn               (no ring)

@: lethally poisoned (-3 -> -6), fiery-armoured
A: large, unfitting armour, claws 3, regeneration 1, shaggy fur 1, tough skin 1
a: Renounce Religion, Fiery Armour, Foxfire Swarm, Rising Flame


You were on level 5 of the Dungeon.
You worshipped Ignis.
Ignis was extremely pleased with you.
You visited 1 branch of the dungeon, and saw 5 of its levels.

You collected 242 gold pieces.


Innate Abilities, Weirdness & Mutations

You are too large for most types of armour.
You have claws for hands.
Your natural rate of healing is unusually fast.
You are covered in fur. (AC +1)
You have tough skin. (AC +1)


   Skills:
 - Level 2.4 Fighting
 + Level 7.6 Unarmed Combat
 - Level 1.0 Spellcasting
 - Level 2.1 Fire Magic


You had 7 spell levels left.
You didn't know any spells.
Your spell library contained the following spells:

 Spells                   Type           Power      Damage    Failure   Level
 Scorch                   Fire           8%         2d5       22%         2

Inventory:

Missiles
 e - 3 boomerangs (quivered)
Armour
 a - a +0 robe (worn)
Jewellery
 f - an amulet of regeneration (around neck)
 k - a +4 ring of slaying (left claw) {mikee}
Scrolls
 j - a scroll of identify
Potions
 b - a potion of might
 c - a potion of mutation {unknown}
 d - a potion of heal wounds {unknown}
 g - a potion of degeneration {unknown}
 h - a potion of attraction {unknown}
 i - a potion of lignification {unknown}
 l - a potion of curing {unknown}
 m - a potion of haste {unknown}

Dungeon Overview and Level Annotations

Branches:
Dungeon (5/15)             Temple (0/1) D:4

Altars:
Vehumet

Portals:
Sewer: D:5


Message History

The killer bee stings you.
The killer bee is burned by your cloak of flames.
The killer bee is heavily wounded.
The killer bee stings you.
You are more poisoned.
The killer bee poisons you!
The killer bee is burned by your cloak of flames.
The killer bee is almost dead.
The killer bee closely misses you.
You closely miss the killer bee.
The killer bee is almost dead.
You feel very sick. The killer bee closely misses you.
The killer bee stings you but does no damage.
The killer bee is burned by your cloak of flames.
You kill the killer bee!
The killer bee barely misses you. The killer bee stings you.
You are lethally poisoned!
The killer bee poisons you!
The killer bee is burned by your cloak of flames.
The killer bee is severely wounded.
The killer bee stings you but does no damage.
The killer bee is burned by your cloak of flames.
The killer bee is lightly wounded.
The killer bee barely misses you.
An ufetubus comes into view.
You closely miss the killer bee.
The killer bee is severely wounded.
The sentinel's mark upon you fades away.
You feel very sick. The killer bee completely misses you.
The killer bee closely misses you. x2
You barely miss the killer bee.
The killer bee is severely wounded.
You feel very sick. The killer bee closely misses you.
The killer bee stings you but does no damage.
The killer bee is burned by your cloak of flames.
The killer bee is heavily wounded.
The killer bee stings you.
You die...

.....)......+......
.............#.....
###......?..........
#............###
#..........O.#
#+#.#......Ws#
...#....DSyy#
......5...Syy+
.......Sl.Yy@#
........####
......... ......
.... ...


You could see a steam dragon, a water moccasin, an ice beast, an ogre, a
phantom, a scorpion, an iguana, 5 killer bees, 2 adders and an ufetubus.

Vanquished Creatures
  A killer bee (D:5)
  2 orc priests
  A jelly (D:5)
  A hound (D:4)
  An iguana (D:5)
  An orc wizard (D:4)
  4 gnolls (D:3)
  6 adders
  An ufetubus (D:5)
  A worm (D:5)
  A dart slug (D:2)
  12 orcs
  5 bats
  5 endoplasms
  9 giant cockroaches
  9 goblins
  7 hobgoblins
  2 jackals (D:4)
  3 quokkas
  7 ball pythons
  6 frilled lizards
  6 kobolds
  7 rats
98 creatures vanquished.

Notes
Turn   | Place    | Note
-------+----------+-------------------------------------------
     0 | D:1      | qw the Troll Cinder Acolyte began the quest for the Orb.
     0 | D:1      | Reached XP level 1. HP: 22/22 MP: 1/1
     0 | D:1      | 0 ||| qw: Version: 0.1-a-97-g2dd2ca4
     0 | D:1      | 0 ||| qw: Game counter: 4538
     0 | D:1      | 0 ||| qw: Always use a shield: true
     0 | D:1      | 0 ||| qw: God list: Okawaru
     0 | D:1      | 0 ||| qw: Allow faded altars: false
     0 | D:1      | 0 ||| qw: Do Orc after D:15 true
     0 | D:1      | 0 ||| qw: Do second Lair branch before Depths: true
     0 | D:1      | 0 ||| qw: Lair rune preference: random
     0 | D:1      | 0 ||| qw: Plans: Normal
     0 | D:1      | 0 ||| PLANNING D:1-11
   119 | D:1      | Reached XP level 2. HP: 29/29 MP: 2/2
   236 | D:1      | 236 ||| Stepping ~*~*~tactically~*~*~ (stealth).
   373 | D:1      | Reached skill level 4 in Unarmed Combat
   624 | D:1      | 624 ||| DROPPING scarf of invisibility.
   625 | D:1      | 625 ||| UPGRADING to amulet of regeneration.
   630 | D:1      | 630 ||| READING scroll labelled ZATUUXK DIXEV.
   631 | D:1      | 631 ||| READING 2 scrolls labelled UNNYAS MAGE.
   632 | D:1      | 632 ||| READING scroll labelled BEIZEGRAMYV.
   633 | D:1      | 633 ||| READING scroll labelled PUES HISAZ.
   634 | D:1      | 634 ||| DROPPING scroll of blinking.
   671 | D:2      | 671 ||| Stepping ~*~*~tactically~*~*~ (stealth).
   677 | D:2      | 677 ||| Stepping ~*~*~tactically~*~*~ (stealth).
   678 | D:2      | 678 ||| Stepping ~*~*~tactically~*~*~ (stealth).
   812 | D:2      | Reached XP level 3. HP: 36/36 MP: 3/3
   848 | D:2      | 848 ||| Stepping ~*~*~tactically~*~*~ (hiding).
  1375 | D:2      | 1375 ||| READING 4 scrolls labelled MOVYRH NATRETED.
  1376 | D:2      | 1376 ||| READING scroll labelled JOETOD RU XIU.
  1377 | D:2      | 1377 ||| DROPPING 3 scrolls of amnesia.
  1401 | D:3      | 1401 ||| Stepping ~*~*~tactically~*~*~ (stealth).
  1405 | D:3      | 1405 ||| Stepping ~*~*~tactically~*~*~ (stealth).
  1501 | D:3      | Reached skill level 5 in Unarmed Combat
  1501 | D:3      | Reached XP level 4. HP: 44/44 MP: 4/4
  1507 | D:3      | 1507 ||| Stepping ~*~*~tactically~*~*~ (outnumbered).
  1508 | D:3      | 1508 ||| Stepping ~*~*~tactically~*~*~ (outnumbered).
  1522 | D:3      | 1522 ||| INVOKING Fiery Armour.
  1619 | D:3      | Reached XP level 5. HP: 50/50 MP: 5/5
  1620 | D:3      | 1620 ||| Stepping ~*~*~tactically~*~*~ (outnumbered).
  1621 | D:3      | 1621 ||| INVOKING Fiery Armour.
  1622 | D:3      | 1622 ||| Stepping ~*~*~tactically~*~*~ (outnumbered).
  1623 | D:3      | 1623 ||| Stepping ~*~*~tactically~*~*~ (outnumbered).
  1630 | D:3      | Reached skill level 6 in Unarmed Combat
  1642 | D:3      | 1642 ||| Stepping ~*~*~tactically~*~*~ (stealth).
  2034 | D:4      | 2034 ||| FLEEEEING.
  2038 | D:4      | 2038 ||| Stepping ~*~*~tactically~*~*~ (hiding).
  2153 | D:4      | 2153 ||| Stepping ~*~*~tactically~*~*~ (stealth).
  2312 | D:4      | Found a radiant altar of Vehumet.
  2313 | D:4      | 2313 ||| Stepping ~*~*~tactically~*~*~ (hiding).
  2314 | D:4      | 2314 ||| Stepping ~*~*~tactically~*~*~ (hiding).
  2367 | D:4      | 2367 ||| Stepping ~*~*~tactically~*~*~ (hiding).
  2381 | D:4      | Reached XP level 6. HP: 59/59 MP: 6/6
  2612 | D:4      | 2612 ||| Stepping ~*~*~tactically~*~*~ (stealth).
  2619 | D:4      | 2619 ||| Stepping ~*~*~tactically~*~*~ (outnumbered).
  2883 | D:4      | Found a staircase to the Ecumenical Temple.
  2939 | D:4      | 2939 ||| UPGRADING to +4 ring of slaying {mikee}.
  2940 | D:4      | 2940 ||| READING scroll labelled EKAIPY ZIMI.
  2941 | D:4      | 2941 ||| DRINKING 2 clear potions.
  2973 | D:5      | Entered Level 5 of the Dungeon
  2974 | D:5      | 2974 ||| PLANNING SEWER
  2981 | D:5      | Reached skill level 7 in Unarmed Combat
  3045 | D:5      | 3045 ||| Stepping ~*~*~tactically~*~*~ (stealth).
  3061 | D:5      | Found a glowing drain.
  3062 | D:5      | 3062 ||| READING scroll labelled YLLINKERIA.
  3072 | D:5      | Noticed a steam dragon
  3076 | D:5      | Noticed a water moccasin
  3080 | D:5      | 3080 ||| Stepping ~*~*~tactically~*~*~ (outnumbered).
  3082 | D:5      | 3082 ||| INVOKING Fiery Armour.
  3082 | D:5      | Noticed an ice beast
  3083 | D:5      | 3083 ||| Stepping ~*~*~tactically~*~*~ (outnumbered).
  3085 | D:5      | 3085 ||| Stepping ~*~*~tactically~*~*~ (outnumbered).
  3086 | D:5      | 3086 ||| Stepping ~*~*~tactically~*~*~ (outnumbered).
  3087 | D:5      | 3087 ||| Stepping ~*~*~tactically~*~*~ (outnumbered).
  3088 | D:5      | 3088 ||| Stepping ~*~*~tactically~*~*~ (outnumbered).
  3089 | D:5      | 3089 ||| Stepping ~*~*~tactically~*~*~ (outnumbered).
  3090 | D:5      | 3090 ||| Stepping ~*~*~tactically~*~*~ (outnumbered).
  3091 | D:5      | 3091 ||| Stepping ~*~*~tactically~*~*~ (outnumbered).
  3092 | D:5      | 3092 ||| Stepping ~*~*~tactically~*~*~ (outnumbered).
  3092 | D:5      | HP: 12/59 [killer bee (5)]
  3093 | D:5      | HP: 5/59 [killer bee (5)]
  3095 | D:5      | HP: 2/59 [poisoned by a killer bee]
  3095 | D:5      | Slain by a killer bee

Levels and vault maps discovered:
D:1:      saegor_arrival_fortress, layout_basic
D:2:      layout_loops_ring
D:3:      layout_basic, chequers_arboretum
D:4:      layout_loops_ring, vehumet_altar_wand_db, minmay_temple_entry_fiery,
          chequers_serial_rivers_small_b, kennysheep_flooded_box
D:5:      layout_basic, trog_hazing_becter, portal_sewer_entry_b

Skill      XL: |  1  2  3  4  5  6 |
---------------+-------------------+-----
Unarmed Combat | 4 5 6 7 |  7.6
Fighting       | |  2.4
Spellcasting   | |  1.0
Fire Magic     | |  2.1

Action                   |  1- 3 |  4- 6 || total
-------------------------+-------+-------++-------
Melee: Unarmed           |    59 |   109 ||   168
       Punch             |     1 |     4 ||     5
Throw: Boomerang         |    49 |    22 ||    71
Invok: Fiery Armour      |       |     3 ||     3
  Use: Scroll            |     6 |     2 ||     8
       Potion            |       |     1 ||     1
Armor: Robe              |    11 |    48 ||    59
Dodge: Dodged            |    15 |    62 ||    77

Table legend:
 A = Non-vault XP
 B = Vault XP
 C = Vault XP percentage of total XP
 D = Non-vault monster count
 E = Vault monster count
 F = Vault count percentage of total count
                 A         B        C        D         E       F
            +---------+---------+-------+---------+---------+-------
      Total |     577 |      23 |   3.8 |      92 |       6 |   6.1
            +---------+---------+-------+---------+---------+-------
        D:1 |      35 |       0 |   0.0 |      21 |       0 |   0.0
        D:2 |      24 |       0 |   0.0 |      15 |       0 |   0.0
        D:3 |     200 |       0 |   0.0 |      35 |       0 |   0.0
        D:4 |     157 |       2 |   1.3 |      16 |       1 |   5.9
        D:5 |     161 |      21 |  11.5 |       5 |       5 |  50.0
            +---------+---------+-------+---------+---------+-------
